Zazza, neutral female human Tourist ------ |.....# # ##.....|# ------- -------- # |....|# |.....| ----- #.......| ### ------# |.>...| |...| ###|.(....| # # |.....| |.].| # |......-#####################......| |..@Z##### ### |......| # # |....#| |..@| # # # #-......|### # ----.-- |...| ### ---------### ###|.......# # # # |...| # |........# # -------- # ### ----- ###|.......| ### # # # #.....{..| # # ### |..%....-### # # --------- #### # #------.--- #.........| |.<......| ---------- Zazza the Rambler Experience level: 1 Strength: 8 Dexterity: 12 Constitution: 18 Intelligence: 15 Wisdom: 7 Charisma: 15 Health: 10(10) Energy: 2(2) Def: 0 Gold: 0 Moves: 257 Dungeon seed: mbnOkaG1O88uJU8L Game ID: Zazza_1619544626 Your Inventory: Weapons a - 31 blessed +2 darts (in quiver) Armor e - an uncursed +0 T-shirt (being worn) Comestibles b - an uncursed egg c - 4 uncursed food rations d - 2 uncursed tripe rations f - an uncursed pancake g - 2 uncursed tins of spinach h - an uncursed slime mold q - 4 uncursed tripe rations r - 6 uncursed food rations s - an uncursed tin of lichen t - 2 uncursed fortune cookies Scrolls j - 2 uncursed scrolls of magic mapping Potions i - 2 uncursed potions of extra healing o - an uncursed potion of acid p - an uncursed potion of monster detection u - an uncursed potion of fruit juice Tools k - an expensive camera (0:81) l - an uncursed credit card Gems n - an uncursed worthless piece of white glass Spells and supernatural/magical abilities: Name Level Category Fail Memory W - pray for help -- divine ? -- Your skills at the end: Fighting Skills Weapon Skills dart [Basic] Spellcasting Skills Final Attributes: You were nominally aligned. You were lucky. You survived. Vanquished creatures: a kitten 2 jackals 3 creatures vanquished. Voluntary challenges: You went without food. You were an atheist. You never hit with a wielded weapon. You were a pacifist. You read items or engraved 4 times, starting on turn 8. You never genocided any monsters. You never polymorphed an object. You never changed form. You used no wishes. You never split a pudding. You never wrote Elbereth's name. You never violated your personal moral code. Dungeon overview: The Dungeons of Doom: levels 1 to 3 Level 1 some fountains a long staircase Level 2 a fountain Level 3 <- You were here a delicatessen, a fountain, a sink History has recorded: On T:1 you entered the Dungeons of Doom to retrieve the Amulet of Yendor! On T:47 you reached level 2 of The Dungeons of Doom. On T:97 you reached level 3 of The Dungeons of Doom. Score breakdown: Gold: 0 ( 0 points) Experience: 1 level ( 0 points) Exploration: 3 levels ( 6.12%) ( 6123 points) Discoveries: 1 item ( 0.34%) ( 1737 points) Valuables value: (no points given unless you survive) Artifact value: 0 ( 0 points) Variety of kills: 2 monsters ( 0.52%) ( 2173 points) Turncount: 257 turns ( 0 points) Survival: quit (score multiplied by 90%) Total score: 9029 Latest messages: You see here a smoky potion (66 zorkmids). "For you, honored lady; only 66 for this smoky potion." u - a smoky potion (unpaid, 66 zorkmids). You see here a fortune cookie (9 zorkmids). "For you, good lady; only 9 for this fortune cookie." t - a fortune cookie (unpaid, 9 zorkmids). You see here 2 tripe rations (40 zorkmids). "For you, honored lady; only 20 per tripe ration." q - 2 tripe rations (unpaid, 40 zorkmids). You see here a tripe ration (20 zorkmids). "For you, good lady; only 20 for this tripe ration." q - a tripe ration (unpaid, 20 zorkmids). You see here a food ration (60 zorkmids). "For you, honored lady; only 60 for this food ration." r - a food ration (unpaid, 60 zorkmids). You drop 113 gold pieces. 113 zorkmids are added to your credit. Your wallet is empty. You have 113 zorkmids credit at Pengalengan's delicatessen. You owe Pengalengan 530 zorkmids. Pengalengan takes all your possessions. Final status: Aloha Zazza the Tourist, quit... You quit in The Dungeons of Doom on dungeon level 3 with 9029 points, and 0 pieces of gold, after 257 moves. You were level 1 with a maximum of 10 hit points when you quit.